 Dungeon Crawl Stone Soup version 0.25-a0-705-ge9988fc0fb (webtiles) character file.

Game seed: 10542460693859064353, levelgen mode: deterministic

18 Maedhros the Charlatan (level 2, -1/18 HPs)
             Began as an Octopode Artificer on Apr 4, 2020.
             Slain by a goblin (4 damage)
             ... on level 1 of the Dungeon.
             The game lasted 00:00:26 (438 turns).

Maedhros the Charlatan (Octopode Artificer)          Turns: 438, Time: 00:00:26

Health: -1/18      AC:  1    Str: 11    XL:     2   Next: 70%
Magic:  4/4        EV: 13    Int: 13    God:
Gold:   13         SH:  0    Dex: 12    Spells: 1/1 levels left

rFire    . . .     SeeInvis .   a - +0 short sword
rCold    . . .     Gourm    .   (no shield)
rNeg     . . .     Faith    .   (helmet restricted)
rPois    .         Spirit   .   (no amulet)
rElec    .         Reflect  .   (no ring)
rCorr    .         Harm     .   (no ring)
MR       .....                  (no ring)
Stlth    +++.......             (no ring)
HPRegen  0.06/turn              (no ring)
MPRegen  0.09/turn              (no ring)
                                (no ring)
                                (no ring)

@: no status effects
A: almost no armour, stealthy swim, amphibious, 8 rings, constrict 8, camouflage
1, gelatinous body 1
a: no special abilities


You were on level 1 of the Dungeon.
You were not hungry.

You visited 1 branch of the dungeon, and saw 1 of its levels.

You collected 13 gold pieces.

Inventory:

Hand Weapons
 a - a +0 short sword (weapon)
 i - a +0 dagger of venom
Missiles
 g - 4 stones (quivered)
Wands
 b - a wand of flame (15)
 c - a wand of enslavement (15)
 d - a wand of random effects (15)
Scrolls
 h - a scroll of blinking {unknown}
 j - a scroll of amnesia {unknown}
Potions
 e - a potion of might {unknown}
Comestibles
 f - 3 rations


   Skills:
 - Level 1.0 Fighting
 - Level 1.0 Short Blades
 - Level 2.0 Dodging
 + Level 2.8 Stealth
 + Level 3.8 Evocations


You had one spell level left.
You didn't know any spells.
Your spell library was empty.

Dungeon Overview and Level Annotations

Branches:
Dungeon (1/15)

Altars:


Innate Abilities, Weirdness & Mutations

You cannot wear most types of armour.
You are very stealthy in the water. (Stealth+)
You are amphibious.
You can wear up to eight rings at the same time.
You can use your tentacles to constrict eight enemies at once.
Your skin changes colour to match your surroundings (Stealth+).
Your rubbery body absorbs attacks. (AC +1, EV +1)


Message History

The goblin hits you.
You hit the goblin. You grab the goblin.
The goblin is severely wounded.
You constrict the goblin.
You kill the goblin!
You hit the hobgoblin but do no damage. You grab the hobgoblin.
You constrict the hobgoblin, but do no damage.
The hobgoblin hits you with a +0 club.
You hit the hobgoblin. You squeeze the hobgoblin.
You kill the hobgoblin!
You barely miss the goblin. You grab the goblin.
You constrict the goblin, but do no damage.
The goblin misses you.
You hit the goblin but do no damage.
You constrict the goblin, but do no damage.
The goblin hits you. The rat bites you.
* * * LOW HITPOINT WARNING * * *
You hit the goblin but do no damage. You constrict the goblin.
The goblin hits you.
You die...

............... #.
...#.....###### #.
###.#)#.#
###...#####.#.#.#.######
.......................
#...####....#.##..####
###...####..###.##......
..(...r.##..###.##......
#...#@##..............
.##...#g##.####.##.#....
.......K.#.# #.. #....
.###.##..#.# ..#.#....
..##..##..#.# ........
....?(.#....# ..#.#####
.#..r......# #......
##.g##.#..# ####### #.
#......##..# ###


You could see a goblin, a kobold and a rat.

Vanquished Creatures
  An ooze (D:1)
  A giant cockroach (D:1)
  4 goblins (D:1)
  3 hobgoblins (D:1)
  A bat (D:1)
  3 kobolds (D:1)
13 creatures vanquished.

Notes
Turn   | Place    | Note
-------+----------+-------------------------------------------
     0 | D:1      | Maedhros the Octopode Artificer began the quest for the
                  | Orb.
     0 | D:1      | Reached XP level 1. HP: 13/13 MP: 3/3
   246 | D:1      | Reached XP level 2. HP: 16/18 MP: 4/4
   438 | D:1      | Slain by a goblin

Levels and vault maps discovered:
D:1:      eino_arrival_water_star, layout_basic, minmay_stone_trees_small,
          minmay_pentomino_p4

Skill      XL: |  1 |
---------------+----+-----
Stealth        | 2 |  2.8
Fighting       | |  1.0
Short Blades   | |  1.0
Dodging        | |  2.0
Evocations     | |  3.8

Action                   || total
-------------------------++-------
Melee: Short sword       ||    32
       Constrict         ||    12
       Tentacles         ||     6
 Stab: Distracted        ||     1
Armor: Skin              ||     2
Dodge: Dodged            ||    20

Table legend:
 A = Non-vault XP
 B = Vault XP
 C = Vault XP percentage of total XP
 D = Non-vault monster count
 E = Vault monster count
 F = Vault count percentage of total count
                 A         B        C        D         E       F
            +---------+---------+-------+---------+---------+-------
      Total |      23 |       4 |  14.8 |      11 |       2 |  15.4
            +---------+---------+-------+---------+---------+-------
        D:1 |      23 |       4 |  14.8 |      11 |       2 |  15.4
            +---------+---------+-------+---------+---------+-------
